 Dungeon Crawl Stone Soup version 0.29.1-4-g47bece8355 (webtiles) character file.

Game seed: 4280926749947836402

80511 wingedge the Fighter (level 14, -9/124 HPs)
             Began as a Demigod Transmuter on Dec 1, 2022.
             Mangled by a centaur warrior simulacrum (21 damage)
             ... while petrified by a catoblepas
             ... on level 12 of the Dungeon.
             The game lasted 02:34:05 (27116 turns).

wingedge the Fighter (Demigod Transmuter)          Turns: 27116, Time: 02:34:06

Health: -9/124     AC: 20    Str: 19    XL:     14   Next: 83%
Magic:  33/40      EV:  2    Int: 33    God:
Gold:   1066       SH:  0    Dex: 10    Spells: 5/28 levels left

rFire   + . .      SeeInvis .   a - +9 trident of Fate {vorpal, Int+3}
rCold   x . .      Faith    .   V - +0 buckler
rNeg    + + +      Spirit   .   Q - +6 ring mail of Conscience {rN+ Int+2 Dex-4}
rPois   ∞          Reflect  .   e - +3 hat of Pondering {ponderous, Will+ MP+10 Int+5}
rElec   .          Harm     .   O - +0 cloak
rCorr   .          Rampage  .   d - +2 pair of gloves
Will    ++...                   H - +0 pair of boots
Stlth   +.........              M - amulet of magic regeneration
HPRegen 0.30/turn               w - ring of fire
MPRegen 0.67/turn               T - +4 ring of evasion

@: petrified, wereblooded, hasted (expiring), invisible, slow
A: high MP 1, forlorn, divine attributes
a: no special abilities


You were on level 12 of the Dungeon.
You visited 4 branches of the dungeon, and saw 20 of its levels.
You also visited: Sewer and Ice Cave.

You collected 2050 gold pieces.
You spent 984 gold pieces at shops.

Inventory:

Hand Weapons
 a - the +9 trident of Fate (weapon) {vorpal, Int+3}
   (You found it on level 6 of the Dungeon)

   It inflicts extra damage upon your enemies.
   Int:       It affects your intelligence (+3).
 c - a +3 battleaxe of freezing
 A - a +0 antimagic quarterstaff
Missiles
 I - 2 javelins
 S - 3 throwing nets
 W - 4 silver javelins
Armour
 d - a +2 pair of gloves (worn)
 e - the +3 hat of Pondering (worn) {ponderous, Will+ MP+10 Int+5}
   (You bought it in a shop on level 10 of the Dungeon)

   Int:       It affects your intelligence (+5).
   MP:        It affects your magic capacity (+10).
   Will:      It increases your willpower.
 j - a +3 leather armour of fire resistance
 u - a +0 kite shield
 y - a +2 leather armour of willpower
 H - a +0 pair of boots (worn)
 L - the +2 robe of Evolution {rElec rC++ Str+4 Dex-3}
   (You bought it in a shop on level 8 of the Dungeon)

   Str:       It affects your strength (+4).
   Dex:       It affects your dexterity (-3).
   rC:        It greatly protects you from cold.
   rElec:     It insulates you from electricity.
 O - a +0 cloak (worn)
 Q - the +6 ring mail of Conscience (worn) {rN+ Int+2 Dex-4}
   (You found it on level 9 of the Dungeon)

   Int:       It affects your intelligence (+2).
   Dex:       It affects your dexterity (-4).
   rN:        It protects you from negative energy.
 V - a +0 buckler (worn)
Magical Staves
 b - a staff of conjuration
 t - a staff of earth
Jewellery
 o - a +6 ring of strength
 p - a ring of poison resistance
 w - a ring of fire (left hand)
 x - a +6 ring of intelligence
 M - an amulet of magic regeneration (around neck)
 N - the ring "Iqones" {Fire *Corrode Fly Dex+3}
   (You took it off a skeletal warrior on level 9 of the Dungeon)

   [ring of fire]

   It enhances your fire magic.
   Dex:       It affects your dexterity (+3).
   rF:        It protects you from fire.
   rC:        It makes you vulnerable to cold.
   Fly:       It grants you flight.
   *Corrode:  It may corrode you when you take damage.
 T - a +4 ring of evasion (right hand)
 U - a ring of protection from cold
 X - a ring of ice
 Y - a ring of positive energy
Wands
 g - a wand of iceblast (7)
 D - a wand of light (17) (quivered)
 R - a wand of digging (13)
Scrolls
 h - 3 scrolls of butterflies
 i - 3 scrolls of blinking
 l - 6 scrolls of teleportation
 q - a scroll of enchant armour
 v - a scroll of magic mapping
 z - 2 scrolls of fear
 C - a scroll of enchant weapon
 K - 2 scrolls of silence
Potions
 f - 2 potions of haste
 k - a potion of flight
 m - 5 potions of lignification
 n - 2 potions of might
 r - 2 potions of mutation
 s - a potion of cancellation {unknown}
 E - 3 potions of ambrosia {unknown}
 F - 7 potions of brilliance
 G - a potion of berserk rage {unknown}
 J - 3 potions of curing
 Z - 2 potions of heal wounds


   Skills:
 - Level 11.0 Fighting
 - Level 3.0 Armour
 - Level 9.0 Dodging
 - Level 3.0 Stealth
 - Level 2.0 Shields
 + Level 10.8 Unarmed Combat
 + Level 7.7 Spellcasting
 + Level 7.4 Conjurations
 - Level 6.0 Hexes
 - Level 10.0 Transmutations
 - Level 5.0 Ice Magic
 + Level 7.4 Earth Magic


You had 5 spell levels left.
You knew the following spells:

 Your Spells              Type           Power      Damage    Failure   Level
a - Yara's Violent Unrav  Hex/Tmut       30%        3d13      9%          5
b - Wereblood             Tmut           68%        N/A       1%          2
c - Ozocubu's Armour      Ice            45%        N/A       3%          3
d - Ice Form              Ice/Tmut       58%        N/A       3%          4
e - Blade Hands           Tmut           34%        N/A       3%          5
g - Fulminant Prism       Conj/Hex       27%        3d14      5%          4

Your spell library contained the following spells:

 Spells                   Type           Power      Damage    Failure   Level
 Beastly Appendage        Tmut           100%       N/A       1%          1
 Magic Dart               Conj           100%       1d8       1%          1
 Ensorcelled Hibernation  Hex/Ice        98%        N/A       1%          2
 Passwall                 Tmut/Erth      52%        N/A       1%          2
 Searing Ray              Conj           100%       2d8       1%          2
 Dazzling Flash           Conj/Hex       100%       N/A       1%          3
 Tukima's Dance           Hex            51%        N/A       1%          3
 Spider Form              Tmut/Pois      45%        N/A       3%          3
 Cause Fear               Hex            25%        N/A       7%          4
 Poisonous Vapours        Pois/Air       24%        N/A       12%         2
 Animate Armour           Summ/Erth      74%        N/A       17%         4
 Gell's Gravitas          Tloc           12%        N/A       24%         3
 Lesser Beckoning         Tloc           12%        N/A       24%         3
 Swiftness                Air            12%        N/A       24%         3
 Teleport Other           Tloc           12%        N/A       24%         3
 Metabolic Englaciation   Hex/Ice        24%        N/A       24%         5
 Silence                  Hex/Air        16%        N/A       54%         5
 Corpse Rot               Necr/Pois/Air  12%        N/A       63%         4
 Passage of Golubria      Tloc           12%        N/A       63%         4
 Agony                    Necr           12%        N/A       92%         5
 Iron Shot                Conj/Erth      29%        9d6       52%         6
 Dragon Form              Tmut           34%        N/A       75%         7
 Simulacrum               Ice/Necr       14%        N/A       99%         6
 Ozocubu's Refrigeration  Ice            22%        4d12      100%        7
 Dragon's Call            Summ           6%         N/A       100%        9


Dungeon Overview and Level Annotations

Branches:
Dungeon (12/15)            Temple (1/1) D:6            Lair (5/5) D:11
 Shoals (0/4) Lair:3       Spider (0/4) Lair:3        Slime (0/5) Lair:4
    Orc (2/2) D:10            Elf (0/3) Orc:2         Sewer (visited)
  IceCv (visited)

Shops:
D:3 ([?   D:4 :   D:8 [   D:10 **(([   Orc:2 [![=


Innate Abilities, Weirdness & Mutations

You have an increased reservoir of magic. (+10% MP)
You shall have no god before yourself.
Your divine heritage dramatically boosts your attributes as you level up.


Message History

* * * LOW HITPOINT WARNING * * *
The centaur warrior simulacrum kicks you but does no damage.
The catoblepas gores you but does no damage.
The centaur warrior simulacrum hits you but does no damage.
The centaur warrior simulacrum kicks you but does no damage.
You have turned to stone.
The catoblepas breathes a plume of calcifying dust at you.
The blast of calcifying dust hits you but does no damage.
The catoblepas gores you!
* * * LOW HITPOINT WARNING * * *
You feel less wooden.
Your +0 cloak unmelds from your body.
The +3 hat of Pondering {ponderous, Will+ MP+10 Int+5} unmelds from your body.
Your +2 pair of gloves unmelds from your body.
Your +0 pair of boots unmelds from your body.
The +6 ring mail of Conscience {rN+ Int+2 Dex-4} unmelds from your body.
You feel rather ponderous.
The centaur warrior simulacrum barely misses you.
The centaur warrior simulacrum kicks you but does no damage.
The catoblepas gores you!
* * * LOW HITPOINT WARNING * * *
The centaur warrior simulacrum barely misses you.
The centaur warrior simulacrum kicks you but does no damage.
The catoblepas gores you but does no damage.
The centaur warrior simulacrum hits you but does no damage.
The centaur warrior simulacrum kicks you but does no damage.
The centaur warrior simulacrum hits you but does no damage.
The centaur warrior simulacrum kicks you but does no damage.
The catoblepas gores you!!
* * * LOW HITPOINT WARNING * * *
The centaur warrior simulacrum hits you but does no damage.
The centaur warrior simulacrum completely misses you.
The catoblepas gores you.
* * * LOW HITPOINT WARNING * * *
Your extra speed is starting to run out.
The centaur warrior simulacrum hits you.
* * * LOW HITPOINT WARNING * * *
The centaur warrior simulacrum freezes you!!!
You feel a terrible chill!
You die...

#.....####$. #.>).......
####.########.....##.#
......[<....'.....#.#.##
#####.#######..........H
# #....$##### #.....#
#...Z÷# #.§@Y.# #####.#
#.# #)#######..
#.(......O. #'##...####
.... ..## ...>.. ###
#.......


You could see a catoblepas (unable to see you) and a centaur warrior simulacrum
(unable to see you).

Vanquished Creatures
  Saint Roka (Orc:2)
  A frost giant (IceCv)
  An ettin (Orc:2)
  5 hydras
  Harold (D:10)
  2 boulder beetles (Lair:5)
  4 two-headed ogres
  3 ogre magi (Orc:2)
  11 death yaks
  Urug (D:11)
  A skeletal warrior (D:9)
  2 goliath frogs (Lair:5)
  2 orc knights
  2 deep elf pyromancers
  9 orc sorcerers
  2 ugly things
  17 elephants
  4 manticores
  2 cyclopes
  Maurice (D:9)
  4 black mambas
  Joseph (D:7)
  An ice statue (IceCv)
  14 cane toads
  Maggie (D:10)
  An unseen horror (D:12)
  11 rime drakes
  8 komodo dragons
  2 ice devils (D:11)
  6 trolls
  2 tyrant leeches (Lair:5)
  A wind drake (Lair:3)
  7 polar bears
  33 blink frogs
  A centaur simulacrum (D:12)
  A jumping spider (Lair:3)
  3 culicivoras (Lair:3)
  Sigmund (D:3)
  A wraith (D:12)
  46 yaks
  4 wyverns
  Eustachio (D:5)
  Grum (D:8)
  A basilisk (Lair:2)
  2 vampires
  3 steam dragons
  3 redbacks (Lair:3)
  7 vampire mosquitoes
  Menkaure (D:6)
  Edmund (D:6)
  11 water moccasins
  2 wargs (Orc:1)
  23 orc warriors
  An ice beast (D:6)
  5 black bears
  A sky beast (D:8)
  14 ogres
  5 centaurs
  23 wolves
  2 phantoms
  A kobold brigand (D:9)
  26 bullfrogs
  8 scorpions
  2 necrophages (D:5)
  A gnoll sergeant (D:8)
  3 wights (D:8)
  24 killer bees
  An electric eel (Lair:5)
  6 howler monkeys
  A jelly (D:6)
  9 orc priests
  6 hounds
  2 iguanas
  33 orc wizards
  11 gnolls
  11 adders
  7 river rats (Sewer)
  A shadow imp (D:8)
  An ufetubus (D:7)
  2 worms
  2 dart slugs
  86 orcs
  5 bats
  4 endoplasms
  2 giant cockroaches
  2 goblins
  3 hobgoblins
  9 jackals
  11 ball pythons
  5 frilled lizards
  6 kobolds
  31 rats
  A fulminant prism (Orc:2)
651 creatures vanquished.

Vanquished Creatures (collateral kills)
  A yak (IceCv)
1 creature vanquished.

Vanquished Creatures (others)
  An adder (D:4)
  34 fulminant prisms
  29 fungi
  90 plants
  2 withered plants (D:2)
156 creatures vanquished.

Grand Total: 808 creatures vanquished

Notes
Turn   | Place    | Note
-------+----------+-------------------------------------------
     0 | D:1      | wingedge the Demigod Transmuter began the quest for the
                  | Orb.
     0 | D:1      | Reached XP level 1. HP: 15/15 MP: 5/5
    15 | D:1      | Reached skill level 1 in Fighting
   259 | D:1      | Reached XP level 2. HP: 22/23 MP: 5/7
   284 | D:1      | Learned a level 2 spell: Wereblood
  1397 | D:2      | Reached skill level 2 in Fighting
  1397 | D:2      | Reached XP level 3. HP: 19/29 MP: 4/8
  2206 | D:2      | Reached skill level 3 in Fighting
  2528 | D:2      | Reached XP level 4. HP: 29/38 MP: 5/9
  3374 | D:3      | Found Inisyeh's Armour Shoppe.
  3410 | D:3      | Found Ytioc's Magic Scroll Shoppe.
  3412 | D:3      | Noticed Sigmund
  3428 | D:3      | Killed Sigmund
  3429 | D:3      | Reached skill level 1 in Ice Magic
  3429 | D:3      | Reached XP level 5. HP: 27/46 MP: 8/10
  3539 | D:3      | Bought a scroll of identify for 24 gold pieces
  3539 | D:3      | Bought a scroll of noise for 12 gold pieces
  3541 | D:3      | Bought a scroll of identify for 24 gold pieces
  3729 | D:3      | Found Decuat's Weapon Shop.
  4058 | D:3      | Upgraded the game from 0.29.1-2-gbd0b4ee654 to
                  | 0.29.1-4-g47bece8355
  4076 | D:4      | Found Zutohatu's Book Emporium.
  4116 | D:4      | Noticed a steam dragon
  4135 | D:5      | Entered Level 5 of the Dungeon
  4151 | D:5      | Noticed a black bear
  4157 | D:5      | Reached skill level 4 in Fighting
  4157 | D:5      | Reached XP level 6. HP: 39/52 MP: 11/11
  4338 | D:4      | Learned a level 3 spell: Spider Form
  4559 | D:4      | Reached skill level 5 in Transmutations
  4559 | D:4      | Reached XP level 7. HP: 59/59 MP: 8/13
  4649 | D:4      | Killed a steam dragon
  4803 | D:4      | Learned a level 4 spell: Ice Form
  5903 | D:5      | Reached skill level 5 in Ice Magic
  6056 | D:5      | Reached XP level 8. HP: 66/66 MP: 11/14
  6157 | D:5      | Noticed Eustachio
  6165 | D:5      | Killed Eustachio
  6947 | D:6      | Noticed Edmund
  6956 | D:6      | Killed Edmund
  7060 | D:6      | Reached skill level 5 in Unarmed Combat
  7131 | D:6      | Found a glowing drain.
  7147 | Sewer    | Entered a sewer
  7195 | Sewer    | Reached skill level 5 in Fighting
  7452 | D:6      | Reached XP level 9. HP: 43/74 MP: 11/16
  7634 | D:6      | Noticed Menkaure
  7678 | D:6      | Killed Menkaure
  7696 | D:6      | Identified the +9 trident of Fate {vorpal, Int+3}
  7954 | D:6      | Found a staircase to the Ecumenical Temple.
  7963 | Temple   | Entered the Ecumenical Temple
  8305 | D:7      | Reached skill level 6 in Fighting
  8711 | D:7      | Noticed Joseph
  8756 | D:7      | Killed Joseph
  9332 | D:7      | Reached skill level 7 in Fighting
  9635 | D:8      | Noticed an angel
  9859 | D:8      | Noticed Grum
  9865 | D:9      | Noticed a deep elf pyromancer
  9881 | D:9      | Reached XP level 10. HP: 29/86 MP: 14/19
 10205 | D:8      | Killed Grum
 10232 | D:8      | Found Limmusik's Antique Armour Shoppe.
 10550 | D:8      | Learned a level 5 spell: Blade Hands
 10758 | D:9      | Noticed Maurice
 10764 | D:9      | Noticed a skeletal warrior
 10770 | D:8      | Reached skill level 5 in Dodging
 10861 | D:9      | Reached skill level 1 in Conjurations
 10861 | D:9      | Reached skill level 1 in Earth Magic
 11031 | D:8      | Bought a steaming robe for 142 gold pieces
 11031 | D:8      | Identified the +2 robe of Evolution {rElec rC++ Str+4
                  | Dex-3} (You bought it in a shop on level 8 of the Dungeon)
 11229 | D:9      | Identified the ring "Iqones" {Fire *Corrode Fly Dex+3}
 11250 | D:9      | Killed a skeletal warrior
 11314 | D:9      | Noticed a deep elf pyromancer
 11319 | D:9      | Killed a deep elf pyromancer
 11357 | D:9      | Noticed a manticore
 11366 | D:9      | Noticed a manticore
 11368 | D:9      | Killed a manticore
 11372 | D:9      | Noticed a cyclops
 11374 | D:9      | Killed a manticore
 11781 | D:9      | Killed Maurice
 11915 | D:9      | Killed a cyclops
 11916 | D:9      | Reached skill level 8 in Fighting
 12026 | D:9      | Identified the +6 ring mail of Conscience {rN+ Int+2 Dex-4}
 12162 | D:9      | Learned a level 2 spell: Passwall
 12217 | D:10     | Entered Level 10 of the Dungeon
 12223 | D:10     | Noticed Harold
 12234 | D:10     | Killed Harold
 12235 | D:10     | Reached skill level 1 in Hexes
 12335 | D:10     | Noticed Maggie
 12348 | D:10     | Killed Maggie
 12386 | D:10     | Found a staircase to the Orcish Mines.
 12402 | D:10     | Found Quel's Antique Weapon Shop.
 12422 | D:10     | Found Iklat's Antique Weapon Shoppe.
 12561 | D:10     | Reached XP level 11. HP: 94/94 MP: 14/21
 12592 | D:10     | Found Loetz's Armour Boutique.
 12645 | D:10     | Noticed a two-headed ogre
 12654 | D:10     | Killed a two-headed ogre
 12656 | D:10     | Found Bewe Pom's Assorted Antiques.
 12863 | D:10     | Found Cowumm's Assorted Antiques.
 12870 | D:10     | Noticed a two-headed ogre
 12878 | D:10     | Killed a two-headed ogre
 13093 | D:10     | Learned a level 5 spell: Yara's Violent Unravelling
 13117 | D:11     | Reached skill level 5 in Spellcasting
 13123 | D:11     | Noticed Urug
 13145 | D:11     | Noticed a two-headed ogre
 13150 | D:11     | Killed a two-headed ogre
 13154 | D:11     | Killed Urug
 13196 | D:11     | Found a frozen archway.
 13214 | IceCv    | Entered an ice cave
 13653 | IceCv    | Noticed a death yak
 13655 | IceCv    | Noticed a death yak
 13658 | IceCv    | Killed a death yak
 13664 | IceCv    | Killed a death yak
 13665 | IceCv    | Noticed a death yak
 13668 | IceCv    | Killed a death yak
 13953 | IceCv    | Reached skill level 9 in Fighting
 14025 | IceCv    | Noticed a death yak
 14054 | IceCv    | Killed a death yak
 14055 | IceCv    | Reached XP level 12. HP: 62/104 MP: 21/23
 14543 | IceCv    | Noticed a frost giant
 14605 | IceCv    | Killed a frost giant
 14630 | IceCv    | Reached skill level 5 in Hexes
 15516 | D:11     | Found a staircase to the Lair.
 15661 | Lair:1   | Entered Level 1 of the Lair of Beasts
 15847 | Lair:1   | Reached skill level 1 in Stealth
 15847 | Lair:1   | Reached skill level 1 in Shields
 15854 | Lair:1   | Reached skill level 1 in Armour
 17364 | Lair:2   | Reached XP level 13. HP: 113/113 MP: 22/25
 18098 | Lair:3   | Reached skill level 10 in Transmutations
 18102 | Lair:3   | Reached skill level 10 in Fighting
 18134 | Lair:3   | Reached skill level 5 in Conjurations
 18616 | Lair:3   | Found a staircase to the Shoals.
 19316 | Lair:3   | Found a hole to the Spider Nest.
 20582 | Lair:4   | Learned a level 3 spell: Ozocubu's Armour
 20740 | Lair:4   | Found a staircase to the Slime Pits.
 21224 | Lair:5   | Entered Level 5 of the Lair of Beasts
 21272 | Lair:5   | Reached skill level 5 in Earth Magic
 21432 | Lair:4   | Learned a level 4 spell: Fulminant Prism
 21780 | Lair:5   | Reached skill level 10 in Unarmed Combat
 21807 | Lair:5   | Identified the +0 pair of boots of the Silly God {rC-
                  | Dex+4}
 22133 | Lair:5   | Reached XP level 14. HP: 122/122 MP: 18/28
 22274 | Lair:5   | Reached skill level 11 in Fighting
 23477 | D:10     | Bought the +3 hat of Pondering {ponderous, Will+ MP+10
                  | Int+5} for 647 gold pieces
 23477 | D:10     | Found the +3 hat of Pondering {ponderous, Will+ MP+10
                  | Int+5}
 24096 | Orc:1    | Entered Level 1 of the Orcish Mines
 24782 | Orc:2    | Entered Level 2 of the Orcish Mines
 24939 | Orc:2    | Noticed Saint Roka
 24949 | Orc:2    | Killed Saint Roka
 25923 | Orc:2    | Found a staircase to the Elven Halls.
 26084 | Orc:2    | Found Lifoxuat's Jewellery Emporium.
 26129 | Orc:2    | Found Zam Ifeg's Antique Armour Shoppe.
 26276 | Orc:2    | Found Husewn's Antique Armour Shoppe.
 26298 | Orc:2    | Found Siah's Distillery.
 26301 | Orc:2    | Bought a kite shield for 135 gold pieces
 27116 | D:12     | Mangled by a centaur warrior simulacrum

Illustrated notes

Levels and vault maps discovered:
D:1:      scummos_arrival_simple_fountains, layout_loops_ring, minmay_quantized
D:2:      layout_basic, ebering_ecumenical_altar_petrified, basic_altar,
          grunt_decor_clamped
D:3:      layout_rooms, serial_shops, nicolae_square_shop,
          nicolae_shop_hallway_stairs, shop, kennysheep_boxes, uniq_sigmund
D:4:      layout_basic, serial_shops, shop, minmay_distorted
D:5:      layout_loops_ring, nicolae_elyvilon_temple_path, uniq_eustachio
D:6:      layout_basic, minitemple, minmay_temple_entry_proselytizer,
          cheibrodos_sewer_entry_sluice, dreamdust_princess_bridge, uniq_edmund,
          uniq_menkaure
D:7:      layout_rooms, uniq_joseph
D:8:      layout_rooms, zin_angel, enter_ossuary_5, serial_shops, shop,
          minmay_misc_feat_hallway, uniq_grum
D:9:      minmay_cut_squares, layout_cave_pools, serial_park_tiny_pond,
          onia_ninara_dug_in_and_dangerous, uniq_maurice
D:10:     layout_loops_cross, serial_shops, nicolae_shop_overgrown_old_shop,
          nicolae_shop_overgrown_old_shop, nicolae_shop_overgrown_old_shop,
          shop_statue, nicolae_shop_stone, uniq_maggie, uniq_harold
D:11:     layout_roguey, grunt_lair_entry_orc_guard_hut,
          portal_ice_cave_demonic_guard, uniq_urug
D:12:     layout_roguey, minmay_shattered_shrine
Temple:   nicolae_temple_bog_church
Lair:1:   layout_hall_layers, beast_lair_carwin_3, grunt_megastairs_1
Lair:2:   layout_chaotic_city, infiniplex_staircase_pool
Lair:3:   layout_small_grid, minmay_shoals_entry_beasts,
          nicolae_spider_entry_tight_spaces, serial_bayou_shore_b,
          grunt_megastairs_2
Lair:4:   layout_roguey, slime_entry_1, lemuel_fruit_tree, serial_bayou_shore_b
Lair:5:   minmay_lair_end_frog_pond, layout_cave_pods
Orc:1:    layout_caves
Orc:2:    kennysheep_orc_mage_school, layout_caves, uniq_saint_roka

Skill      XL: |  1  2  3  4  5  6  7  8  9 10 11 12 13 14 |
---------------+-------------------------------------------+-----
Fighting       | 1 2 3 4 5 7 8 9 10 11 | 11.0
Unarmed Combat | 3 4 5 7 8 9 10 | 10.8
Dodging        | 2 3 4 6 7 8 9 |  9.0
Transmutations | 2 3 5 6 8 9 10 | 10.0
Spellcasting   | 2 3 4 5 6 7 |  7.7
Ice Magic      | 2 5 |  5.0
Conjurations   | 2 4 6 7 |  7.4
Earth Magic    | 1 4 5 7 |  7.4
Hexes          | 1 4 5 6 |  6.0
Stealth        | 2 3 |  3.0
Shields        | 1 2 |  2.0
Armour         | 1 2 3 |  3.0

Action                   |  1- 3 |  4- 6 |  7- 9 | 10-12 | 13-15 || total
-------------------------+-------+-------+-------+-------+-------++-------
Melee: Unarmed           |    53 |    11 |   322 |   457 |   578 ||  1421
       Headbutt          |    15 |     3 |     5 |       |       ||    23
       Kick              |    19 |     9 |     4 |       |       ||    32
       Spear             |    47 |    57 |    38 |       |       ||   142
       Club              |     3 |       |       |       |       ||     3
       Punch             |     2 |       |       |    17 |    22 ||    41
       War axe           |     1 |       |       |       |       ||     1
       Trident           |       |       |       |     1 |    19 ||    20
Throw: Dart              |     5 |       |       |       |       ||     5
 Cast: Beastly Appendage |    22 |     5 |     4 |       |       ||    31
       Wereblood         |     6 |     5 |    28 |    32 |    47 ||   118
       Spider Form       |       |     2 |     8 |       |       ||    10
       Ice Form          |       |       |    24 |    22 |    27 ||    73
       Blade Hands       |       |       |       |    39 |    51 ||    90
       Passwall          |       |       |       |     2 |       ||     2
       Fulminant Prism   |       |       |       |       |    35 ||    35
       Ozocubu's Armour  |       |       |       |       |     7 ||     7
       Yara's Violent Un |       |       |       |       |     6 ||     6
 Abil: End Transformatio |       |       |     2 |    14 |    39 ||    55
Evoke: Wand              |       |       |       |     9 |     1 ||    10
  Use: Scroll            |     1 |     7 |     4 |    16 |     9 ||    37
       Potion            |     1 |     1 |     8 |     4 |     5 ||    19
 Stab: Sleeping          |     2 |       |       |       |       ||     2
       Invisible         |       |       |     3 |     1 |       ||     4
Armor: Robe              |    11 |     4 |     1 |       |       ||    16
       Leather armour    |     5 |     6 |     3 |    16 |       ||    30
       Skin              |     2 |       |   108 |    63 |   103 ||   276
       Ring mail         |       |       |       |    72 |   151 ||   223
Dodge: Dodged            |    55 |    32 |   204 |   319 |   432 ||  1042
Block: Buckler           |       |       |       |     1 |    12 ||    13
